 Dungeon Crawl Stone Soup version 0.29-a0-322-g68df515428 (webtiles) character file.

Game seed: 13408762983083720188

230 Flugslaktarn the Stinger (level 6, -7/41 HPs)
             Began as a Human Venom Mage on Apr 6, 2022.
             Mangled by an iguana (8 damage)
             ... on level 5 of the Dungeon.
             The game lasted 00:05:43 (1260 turns).

Flugslaktarn the Stinger (Human Venom Mage)         Turns: 1260, Time: 00:05:43

Health: -7/41      AC:  2    Str:  9    XL:     6   Next: 24%
Magic:  8/10       EV: 12    Int: 17    God:
Gold:   47         SH:  0    Dex: 13    Spells: 5/11 levels left

rFire   + . .      SeeInvis .   v - +4 halberd
rCold   . . .      Faith    .   (shield currently unavailable)
rNeg    + . .      Spirit   .   a - +0 robe
rPois   .          Reflect  .   (no helmet)
rElec   .          Harm     .   (no cloak)
rCorr   .          Rampage  .   (no gloves)
Will    .....                   (no boots)
Stlth   ++........              e - amulet of magic regeneration
HPRegen 0.13/turn               w - ring of positive energy
MPRegen 0.52/turn               p - ring of protection from fire

@: no status effects
A: no striking features
a: no special abilities


You were on level 5 of the Dungeon.
You visited 1 branch of the dungeon, and saw 5 of its levels.

You collected 47 gold pieces.

Inventory:

Hand Weapons
 j - a +0 short sword
   (You took it off a kobold on level 1 of the Dungeon)
 n - a +6 falchion
   (You took it off an orc on level 3 of the Dungeon)
 v - a +4 halberd (weapon)
   (You took it off a gnoll on level 4 of the Dungeon)
Missiles
 k - 2 boomerangs
 y - 2 javelins
Armour
 a - a +0 robe (worn)
Jewellery
 e - an amulet of magic regeneration (around neck)
   (You found it on level 4 of the Dungeon)
 p - a ring of protection from fire (right hand)
   (You took it off a gnoll on level 4 of the Dungeon)
 w - a ring of positive energy (left hand)
   (You found it on level 4 of the Dungeon)
Wands
 o - a wand of flame (35)
   (You found it on level 3 of the Dungeon)
 q - a wand of polymorph (9)
   (You took it off Natasha on level 3 of the Dungeon)
Scrolls
 c - 3 scrolls of identify {unknown}
 d - a scroll of fog {unknown}
 f - a scroll of silence {unknown}
 i - a scroll of enchant weapon {unknown}
 s - a scroll of noise {unknown}
 t - 2 scrolls of amnesia {unknown}
 u - a scroll of teleportation {unknown}
 x - a scroll of torment
 z - a scroll of blinking
Potions
 b - a potion of magic
 g - a potion of brilliance {unknown}
 h - 2 potions of curing {unknown}
 l - a potion of resistance {unknown}
 m - a potion of berserk rage {unknown}
 r - 2 potions of haste {unknown}


   Skills:
 - Level 2.0 Dodging
 - Level 2.0 Stealth
 - Level 3.0 Spellcasting
 - Level 2.0 Transmutations
 - Level 2.0 Air Magic
 + Level 5.2 Poison Magic


You had 5 spell levels left.
You knew the following spells:

 Your Spells              Type           Power      Damage    Failure   Level
a - Sting                 Tmut/Pois      56%        1d5       4%          1
b - Poisonous Vapours     Pois/Air       28%        N/A       6%          2
c - Spider Form           Tmut/Pois      14%        N/A       12%         3

Your spell library contained the following spells:

 Spells                   Type           Power      Damage    Failure   Level
 Beastly Appendage        Tmut           18%        N/A       8%          1
 Wereblood                Tmut           9%         N/A       12%         2
 Animate Skeleton         Necr           4%         N/A       17%         1
 Apportation              Tloc           4%         N/A       17%         1
 Summon Small Mammal      Summ           8%         N/A       17%         1
 Mephitic Cloud           Conj/Pois/Air  10%        N/A       21%         3
 Olgreb's Toxic Radiance  Pois           20%        N/A       21%         4
 Ensorcelled Hibernation  Hex/Ice        4%         N/A       26%         2
 Anguish                  Hex/Necr       1%         N/A       86%         4


Dungeon Overview and Level Annotations

Branches:
Dungeon (5/15)
 Temple: D:4-7

Altars:


Message History

Blink to where?
Press: ? - help, Dir - move target
As you read the scroll labelled PAAKY ZUDO, it crumbles to dust.
It was a scroll of blinking.
z - a scroll of blinking
Found a dented diamond amulet.
c - 2 scrolls labelled HEESEDO ZILO (gained 1)
As you read the scroll labelled UKHLI YSIPSAVA, it crumbles to dust.
Your body is wracked with pain!
It was a scroll of torment.
Unknown command.
e - an amulet of magic regeneration You start putting on your amulet.
You continue putting on your amulet of magic regeneration. x5
You finish putting on your amulet of magic regeneration.
e - an amulet of magic regeneration (around neck)
A quokka comes into view.
Casting: Sting (safe; 4% risk of failure)
Confirm with . or Enter, or press ? or * to list all spells.
Aiming: Sting (safe; 4% risk of failure)
Press: ? - help, Shift-Dir - straight line, f - quokka
Aim: a quokka (60% to hit)
The sting hits the quokka.
The quokka is poisoned.
The quokka is moderately wounded.
You hit the quokka.
You kill the quokka!
You see here a quokka corpse.
Found a scroll labelled HEESEDO ZILO.
Found a stone staircase leading down.
c - 3 scrolls labelled HEESEDO ZILO (gained 1)
There is a stone staircase leading down here.
You climb downwards.
Found 8 stones and 2 javelins.
Found a stone staircase leading up.
There is a stone staircase leading up here.
Found a robe.
Found a ring mail.
There is a stone staircase leading up here.
You see here 2 javelins.
y - 2 javelins Unknown command.
Unknown command.
Unknown command.
Unknown command.
Unknown command.
An iguana comes into view.
The iguana hisses angrily.
Casting: Sting (safe; 4% risk of failure)
Confirm with . or Enter, or press ? or * to list all spells.
You can't see any susceptible monsters within range! (Use Z to cast anyway.) Unknown command.
Unknown command.
Casting: Sting (safe; 4% risk of failure)
Confirm with . or Enter, or press ? or * to list all spells.
Aiming: Poisonous Vapours (safe; 6% risk of failure)
Press: ? - help, Dir - move target, f - iguana
Aim: an iguana Poisonous vapours surround the iguana!
The iguana is poisoned.
Casting: Poisonous Vapours (safe; 6% risk of failure)
Confirm with . or Enter, or press ? or * to list all spells.
Aiming: Poisonous Vapours (safe; 6% risk of failure)
Press: ? - help, Dir - move target, f/p - iguana
Aim: an iguana (poisoned) Poisonous vapours surround the iguana!
The iguana looks even sicker.
Casting: Poisonous Vapours (safe; 6% risk of failure)
Confirm with . or Enter, or press ? or * to list all spells.
Aiming: Sting (safe; 4% risk of failure)
Press: ? - help, Shift-Dir - straight line, f/p - iguana
Aim: an iguana (lightly wounded, very poisoned, 75% to hit)
The sting hits the iguana but does no damage.
The iguana looks even sicker.
The iguana is lightly wounded.
Casting: Sting (safe; 4% risk of failure)
Confirm with . or Enter, or press ? or * to list all spells.
Aiming: Sting (safe; 4% risk of failure)
Press: ? - help, Shift-Dir - straight line, f/p - iguana
Aim: an iguana (lightly wounded, very poisoned, 75% to hit)
The sting misses the iguana.
You hit the iguana.
The iguana is heavily wounded.
The iguana bites you!
You hit the iguana but do no damage.
The iguana is heavily wounded.
The iguana bites you. x2
Unknown command.
Okay, then.
Okay, then.
Unknown command.
Unknown command.
Aiming: Throw Flame
Press: ? - help, Shift-Dir - straight line, f/p - iguana
Aim: an iguana (heavily wounded, very poisoned, 72% to hit)
The puff of flame hits the iguana.
The iguana is almost dead.
The iguana bites you!
* * * LOW HITPOINT WARNING * * *
Casting: Sting (safe; 4% risk of failure)
Confirm with . or Enter, or press ? or * to list all spells.
Aiming: Sting (safe; 4% risk of failure)
Press: ? - help, Shift-Dir - straight line, f/p - iguana
Aim: an iguana (almost dead, very poisoned, 75% to hit)
The sting misses the iguana.
The iguana bites you!
You die...

###...#.#.#
...#l..#.##
#........##
##.#......#
###...#....#
..[.....#.#
###...[.#.#
.......l..#
######.@###
#.....###
#.###...# #
###<# #.#
##.##
##...##
#.....#
#..<..#


You could see an iguana (very poisoned).

Vanquished Creatures
  An iguana (D:4)
  Natasha (thrice) (D:3)
  An adder (D:2)
  7 gnolls
  A worm (D:3)
  2 dart slugs
  3 orcs (D:3)
  3 endoplasms
  A giant cockroach (D:4)
  6 goblins
  7 hobgoblins
  2 jackals (D:3)
  3 kobolds
  A quokka (D:4)
  A ball python (D:3)
  A bat (D:3)
  3 frilled lizards
  A rat (D:2)
47 creatures vanquished.

Notes
Turn   | Place    | Note
-------+----------+-------------------------------------------
     0 | D:1      | Flugslaktarn the Human Venom Mage began the quest for the
                  | Orb.
     0 | D:1      | Reached XP level 1. HP: 13/13 MP: 3/3
   202 | D:2      | Reached XP level 2. HP: 19/19 MP: 0/5
   205 | D:2      | Learned a level 2 spell: Poisonous Vapours
   329 | D:2      | Reached skill level 1 in Air Magic
   329 | D:2      | Reached XP level 3. HP: 16/24 MP: 4/6
   398 | D:1      | Reached XP level 4. HP: 19/30 MP: 4/7
   449 | D:1      | Found a faded altar of an unknown god.
   539 | D:3      | Noticed Natasha
   544 | D:3      | Killed Natasha
   689 | D:3      | Learned a level 3 spell: Spider Form
   699 | D:3      | Reached XP level 5. HP: 19/35 MP: 3/9
   833 | D:3      | Noticed Natasha
   845 | D:3      | Killed Natasha
   846 | D:3      | Reached skill level 4 in Poison Magic
   852 | D:3      | Noticed Natasha
   861 | D:3      | Killed Natasha
  1062 | D:4      | Reached XP level 6. HP: 41/41 MP: 4/10
  1079 | D:4      | Reached skill level 5 in Poison Magic
  1237 | D:5      | Entered Level 5 of the Dungeon
  1259 | D:5      | HP: 1/41 [iguana (14)]
  1260 | D:5      | Mangled by an iguana

Illustrated notes

Levels and vault maps discovered:
D:1:      scummos_arrival_simple_crosswalls, layout_basic,
          ebering_ecumenical_altar_mist, minmay_misc_feat_x,
          kennysheep_minor_cross, corexii_item_surrounded_by_moat
D:2:      layout_basic
D:3:      layout_basic, uniq_natasha
D:4:      layout_loops_ring, mainiacjoe_overflow_catwalk,
          kennysheep_generic_room_12
D:5:      layout_loops_ring, minmay_misc_feat_tower

Skill      XL: |  1  2  3  4  5  6 |
---------------+-------------------+-----
Transmutations | 2 |  2.0
Air Magic      | 1 2 |  2.0
Spellcasting   | 3 |  3.0
Poison Magic   | 4 5 |  5.2
Dodging        | |  2.0
Stealth        | |  2.0

Action                   |  1- 3 |  4- 6 || total
-------------------------+-------+-------++-------
Melee: Unarmed           |    14 |       ||    14
       Punch             |     1 |     1 ||     2
       Short sword       |       |    20 ||    20
       Falchion          |       |    34 ||    34
       Halberd           |       |     3 ||     3
 Cast: Sting             |    18 |    48 ||    66
       Poisonous Vapours |     1 |     9 ||    10
Evoke: Wand              |       |     1 ||     1
  Use: Scroll            |       |     2 ||     2
 Stab: Sleeping          |       |     1 ||     1
Armor: Robe              |     2 |     6 ||     8
Dodge: Dodged            |    17 |    28 ||    45

Table legend: (Time is in decaauts)
 A = Elapsed time spent in this place.
 B = Non-inter-level travel time spent in this place.
 C = Inter-level travel time spent in this place.
 D = Time resting spent in this place.
 E = Time spent auto-exploring this place.
 F = Levels seen in this place.
 G = Mean time per level.
                   A        B        C        D        E       F      G
               +--------+--------+--------+--------+--------+-----+--------+
         Total |   1274 |   1237 |     37 |      0 |      0 |   5 |  254.8 |
       Dungeon |   1274 |   1237 |     37 |      0 |      0 |   5 |  254.8 |
               +--------+--------+--------+--------+--------+-----+--------+

Top non-repeatable levels by time:
     D:3: 435 daAuts
     D:1: 289 daAuts
     D:2: 272 daAuts
     D:4: 253 daAuts
     D:5: 23 daAuts
